 Dungeon Crawl Stone Soup version 0.30-a0-748-ge6a52f7cba (webtiles) character file.

Game seed: 2148211984327349386

1261 drewk1942 the Magician (level 8, 0/50 HPs)
             Began as a Djinni Conjurer on Feb 8, 2023.
             Killed from afar by a steam dragon (6 damage)
             ... with a ball of steam
             ... on level 6 of the Dungeon.
             The game lasted 00:10:30 (4490 turns).

drewk1942 the Magician (Djinni Conjurer)            Turns: 4490, Time: 00:10:31

Health: 0/50       AC:  3    Str:  6    XL:     8   Next: 81%
Gold:   315        EV: 14    Int: 21    God:
                   SH:  0    Dex: 13

rFire   + + .      SeeInvis .    p - +2 whip (venom)
rCold   x . .      Faith    .    (no shield)
rNeg    . . .      Spirit   .    a - +1 robe
rPois   ∞          Reflect  .    (no helmet)
rElec   .          Harm     .    (no cloak)
rCorr   +          Rampage  .    (no gloves)
Will    .....                    (boots unavailable)
Stlth   ++                       g - amulet of regeneration
HPRegen 1.08/turn                w - ring of resist corrosion
MPRegen 0.00/turn                (no ring)

@: flying
A: sickness immunity, fire resistance 2, cold vulnerability 1, float, innate
caster, HP casting, extra vitality 1
a: no special abilities


You were on level 6 of the Dungeon.
You visited 1 branch of the dungeon, and saw 6 of its levels.
You also visited: Sewer.

You collected 315 gold pieces.

Inventory:

Hand Weapons
 d - a +0 spear
 p - a +2 whip of venom (weapon)
Armour
 a - a +1 robe (worn)
Jewellery
 g - an amulet of regeneration (around neck)
 w - a ring of resist corrosion (left hand)
Wands
 l - a wand of paralysis (7)
 v - a wand of polymorph (6)
 y - a wand of light (11)
Scrolls
 e - a scroll of enchant weapon
 i - 2 scrolls of fear
 j - 6 scrolls of teleportation
 k - 2 scrolls of amnesia
 m - 4 scrolls of identify
 n - a scroll of fog
 u - a scroll of poison
Potions
 b - a potion of magic
 c - 2 potions of invisibility
 f - 2 potions of curing
 h - a potion of resistance {unknown}
 o - a potion of lignification {unknown}
 q - a potion of haste {unknown}
 r - 2 potions of might {unknown}
 s - a potion of heal wounds {unknown}
 t - a potion of mutation {unknown}
 x - 2 potions of brilliance {unknown}


   Skills:
 + Level 6.6 Dodging
 - Level 1.5 Stealth
 * Level 7.1 Spellcasting


You had one spell level left.
You knew the following spells:

 Your Spells              Type           Power      Damage    Failure   Level
a - Magic Dart            Conj           100%       1d8       1%          1
b - Searing Ray           Conj           74%        2d7       1%          2
c - Dazzling Flash        Conj/Hex       74%        N/A       1%          3
d - Fulminant Prism       Conj/Hex       18%        3d10      4%          4
e - Iskenderun's Mystic   Conj/Tloc      37%        2d9       4%          4
f - Necrotise             Necr           100%       1d9       1%          1
g - Momentum Strike       Conj/Tloc      74%        3d10      1%          2
h - Hailstorm             Conj/Ice       37%        3d9       1%          3
Your spell library was empty.

Dungeon Overview and Level Annotations

Branches:
Dungeon (6/15)             Temple (0/1) D:6           Sewer (visited)

Altars:

Shops:
D:2 :

Annotations:
D:6 Dowan


Innate Abilities, Weirdness & Mutations

You are immune to sickness and miasma.
You are immune to poison.
Your flesh is very heat resistant. (rF++)
You are vulnerable to cold. (rC-)
You float through the air rather than walking.
You learn spells naturally, not from books.
Your magical power is your life essence.
You have superior vitality. (+4 MHP)


Message History

Aiming: Fulminant Prism (dangerous; 4% risk of failure)
Press: ? - help, Dir - move target You conjure a prism of explosive energy!
A fulminant prism comes into view.
Dowan barely misses you. The steam dragon breathes steam at you.
The ball of steam hits you! You resist. Dowan barely misses you.
The steam dragon attacks as you move away!
The steam dragon bites you!
* * * LOW HITPOINT WARNING * * *
The steam dragon barely misses you.
Dowan mumbles some strange words.
Dowan blinks!
The iguana closely misses you.
Your fulminant prism crackles loudly.
You feel better. The iguana bites you.
* * * LOW HITPOINT WARNING * * *
The steam dragon barely misses you. The steam dragon completely misses you.
Your fulminant prism explodes!
The blast of energy engulfs the steam dragon!
The steam dragon is severely wounded.
The blast of energy engulfs the iguana.
The iguana is moderately wounded.
Things that are here:
a +0 short sword; a +0 leather armour; the elf corpse of Duvessa
Casting: Fulminant Prism (dangerous; 4% risk of failure)
Confirm with . or Enter, or press ? or * to list all spells.
Aiming: Fulminant Prism (dangerous; 4% risk of failure)
Press: ? - help, Dir - move target You conjure a prism of explosive energy!
* * * LOW HITPOINT WARNING * * *
A fulminant prism comes into view.
Dowan hits your fulminant prism with a +0 dagger.
The iguana bites you!
* * * LOW HITPOINT WARNING * * *
The steam dragon breathes steam at you.
The ball of steam hits your fulminant prism.
Your fulminant prism resists.
Your fulminant prism detonates feebly.
The ball of steam hits you. You resist.
You die...

### ..?..## .
..##.....## .
..#†.....# ##.
......... #..###
#)....... ##...#.
#...##
#......##.†..#
#......#lD##.....
#.@§e# ....
#.†§.# ..
......##.#
..###..#...
...##.## #.... ..
....# ... ......
.... ....


You could see a steam dragon (catching breath), Dowan (fast) and an iguana.

Vanquished Creatures
  Duvessa (D:6)
  An ice beast (D:5)
  A black bear (D:5)
  A phantom (D:6)
  4 scorpions
  A necrophage (D:3)
  3 hounds
  2 orc priests
  2 jellies (D:5)
  Jessica (D:2)
  Ijyb (D:3)
  2 iguanas (D:6)
  2 orc wizards (D:4)
  4 river rats (Sewer)
  6 adders
  An ufetubus (D:6)
  7 worms
  2 dart slugs
  14 orcs
  9 endoplasms
  10 giant cockroaches
  10 goblins
  10 hobgoblins
  3 jackals (Sewer)
  5 kobolds
  9 quokkas
  19 ball pythons
  8 bats
  3 frilled lizards
  5 rats
147 creatures vanquished.

Vanquished Creatures (collateral kills)
  2 kobolds (D:4)
2 creatures vanquished.

Vanquished Creatures (others)
  21 fulminant prisms
21 creatures vanquished.

Grand Total: 170 creatures vanquished

Notes
Turn   | Place    | Note
-------+----------+-------------------------------------------
     0 | D:1      | drewk1942 the Djinni Conjurer began the quest for the Orb.
     0 | D:1      | drewk1942 set off with the following spells memorised:
                  | Magic Dart, Searing Ray, Dazzling Flash, Fulminant Prism,
                  | Iskenderun's Mystic Blast.
     0 | D:1      | Reached XP level 1. HP: 15/15 MP: 0/0
   174 | D:1      | Reached XP level 2. HP: 15/21 MP: 0/0
   456 | D:1      | Reached XP level 3. HP: 23/25 MP: 0/0
   456 | D:1      | Learned a level 1 spell: Necrotise
  1065 | D:2      | Reached XP level 4. HP: 31/31 MP: 0/0
  1070 | D:2      | Reached skill level 4 in Spellcasting
  1149 | D:2      | Noticed Jessica
  1152 | D:2      | Killed Jessica
  1495 | D:2      | Reached XP level 5. HP: 35/35 MP: 0/0
  1495 | D:2      | Learned a level 2 spell: Momentum Strike
  1687 | D:2      | Found Morumysi's Book Emporium.
  2264 | D:3      | Noticed Ijyb
  2273 | D:3      | Killed Ijyb
  2274 | D:3      | Reached XP level 6. HP: 39/40 MP: 0/0
  2692 | D:4      | Reached skill level 5 in Spellcasting
  3017 | D:5      | Entered Level 5 of the Dungeon
  3108 | D:5      | You are sucked into a shaft and drop 1 floor!
  3160 | D:6      | Reached XP level 7. HP: 45/45 MP: 0/0
  3160 | D:6      | Learned a level 3 spell: Hailstorm
  3215 | D:6      | Found a staircase to the Ecumenical Temple.
  3219 | D:6      | Noticed Dowan
  3221 | D:6      | Noticed Duvessa
  3356 | D:5      | Found a glowing drain.
  3373 | Sewer    | Entered a sewer
  3377 | Sewer    | Reached skill level 5 in Dodging
  3928 | D:5      | Reached skill level 6 in Spellcasting
  3997 | D:5      | Reached XP level 8. HP: 13/50 MP: 0/0
  4479 | D:6      | Killed Duvessa
  4480 | D:6      | Reached skill level 7 in Spellcasting
  4490 | D:6      | Killed from afar by a steam dragon

Illustrated notes

Levels and vault maps discovered:
D:1:      zelgadis_glass_arrival_small, layout_basic
D:2:      layout_basic, serial_shops, nicolae_shop_advertising_works
          [nicolae_subvault_shop_adworks], uniq_jessica
D:3:      layout_basic, minmay_misc_feat_secret_circle, uniq_ijyb
D:4:      layout_rooms, feat_on_display
D:5:      layout_basic, gup_sewer_entry_pipe
D:6:      layout_cave_pools, vehumet_crystals, amcnicky_altar_gilded,
          minmay_temple_entry_mini_moons, kennysheep_generic_room_3,
          uniq_duvessa

Skill      XL: |  1  2  3  4  5  6  7  8 |
---------------+-------------------------+-----
Dodging        | 3 4 5 6 |  6.6
Spellcasting   | 4 5 6 7 |  7.1
Stealth        | |  1.5

Action                     |  1- 3 |  4- 6 |  7- 9 || total
---------------------------+-------+-------+-------++-------
  Melee: Spear             |       |     7 |       ||     7
         Whip              |       |       |     5 ||     5
   Cast: Magic Dart        |    66 |   104 |   142 ||   312
         Necrotise         |       |    13 |     6 ||    19
         Momentum Strike   |       |     2 |     1 ||     3
         Fulminant Prism   |       |     2 |    19 ||    21
         Hailstorm         |       |       |     2 ||     2
    Use: Scroll            |     3 |     9 |       ||    12
         Potion            |       |       |     2 ||     2
 Armour: Robe              |     2 |     3 |     9 ||    14
  Dodge: Dodged            |     3 |    16 |    49 ||    68

Table legend: (Time is in decaauts)
 A = Elapsed time spent in this place.
 B = Non-inter-level travel time spent in this place.
 C = Inter-level travel time spent in this place.
 D = Time resting spent in this place.
 E = Time spent auto-exploring this place.
 F = Levels seen in this place.
 G = Mean time per level.
                   A        B        C        D        E       F      G
               +--------+--------+--------+--------+--------+-----+--------+
         Total |   4490 |   4044 |    446 |     33 |   3290 |   7 |  641.4 |
       Dungeon |   4011 |   3565 |    446 |     33 |   2960 |   6 |  668.5 |
         Sewer |    478 |    478 |      0 |      0 |    330 |   1 |  478.0 |
               +--------+--------+--------+--------+--------+-----+--------+

Top non-repeatable levels by time:
     D:2: 1009 daAuts
     D:1: 970 daAuts
     D:5: 815 daAuts
     D:3: 690 daAuts
   Sewer: 478 daAuts
     D:4: 348 daAuts
     D:6: 176 daAuts
